Map: Winter Madness LE

Players

SortOf - Winner!

  • Race: Zerg Zerg
  • League: Grandmaster
  • Spawn Location: 11:00

Columbina (Oriana)

  • Race: Terran Terran
  • League: Grandmaster
  • Spawn Location: 5:00

VOD

Have the link to the VOD?

Description

Time

  • Played on: April 27, 2026, 7:42 a.m.
  • Length: 23:29
Show
View Real Time Build Order
Export as new Build Order

SortOf Zerg - Winner!

Build Orders: Hatch First, Lurkers 

Get SALT Encoding   

  12  0:00  Drone  
  13  0:08  Drone  
  14  0:14  Extractor, Drone  
  15  0:21  Overlord  
  15  0:41  Hatchery  
  14  0:45  Drone  
  14  0:49  Drone  
  16  0:52  Drone  
  17  1:06  Spawning Pool  
  17  1:09  Extractor  
  16  1:11  Drone  
  16  1:14  Drone  
  16  1:18  Drone  
  18  1:28  Drone  
  19  1:39  Drone  
  20  1:51  Drone  
  20  1:53  Queen x2  
  20  1:54  Drone  
  26  2:01  Overlord  
  26  2:05  Zergling x2  
  27  2:11  Zergling x2  
  28  2:21  Drone  
  29  2:26  Hatchery  
  28  2:30  Drone x2  
  28  2:37  Queen  
  29  2:40  Drone  
  32  2:44  Overlord  
  32  2:48  Drone  
  32  2:50  Drone  
  34  2:53  Metabolic Boost  
  35  2:58  Drone  
  35  3:03  Queen  
  37  3:09  Drone x2  
  37  3:12  Overlord  
  39  3:17  Zergling x2  
  40  3:20  Drone x2  
  40  3:24  Drone  
  43  3:30  Queen  
  45  3:39  Queen, Drone x4  
  51  3:45  Queen  
  53  3:52  Drone  
  53  3:53  Drone x2  
  53  3:54  Zergling x2  
  57  3:58  Overlord  
  57  4:08  Overlord  
  57  4:11  Overlord  
  57  4:14  Overlord  
  57  4:17  Overlord  
  57  4:18  Zergling x8  
  57  4:20  Drone x4  
  65  4:27  Lair  
  65  4:28  Drone x3  
  65  4:29  Drone  
  69  4:34  Queen  
  71  4:44  Drone x5  
  76  4:52  Baneling Nest  
  76  4:56  Hatchery, Drone x5  
  79  5:02  Zergling x4  
  79  5:06  Spore Crawler x2  
  79  5:07  Spore Crawler, Drone x3  
  79  5:09  Drone  
  79  5:12  Extractor  
  79  5:13  Drone x3, Extractor  
  83  5:16  Drone  
  83  5:19  Extractor, Queen  
  85  5:22  Extractor, Drone x2  
  85  5:28  Drone x3  
  89  5:29  Hydralisk Den  
  89  5:34  Drone x2  
  90  5:39  Evolution Chamber  
  90  5:40  Evolution Chamber  
  88  5:44  Overlord  
  88  5:45  Drone x8  
  88  5:46  Extractor  
  88  5:49  Zergling x2  
  96  6:00  Grooved Spines  
  96  6:02  Overlord  
  96  6:04  Drone x8  
  104  6:11  Overlord  
  104  6:12  Drone x2  
  104  6:13  Drone x2  
  104  6:15  Zerg Ground Armor Level 1, Zerg Melee Weapons Level 1  
  108  6:18  Overlord  
  108  6:19  Overlord x3  
  108  6:25  Hydralisk  
  110  6:30  Hydralisk x4  
  110  6:31  Zergling x2  
  119  6:34  Hydralisk x2  
  119  6:37  Extractor  
  119  6:39  Hydralisk x2  
  126  6:42  Hydralisk x2  
  126  6:45  Hydralisk  
  132  6:51  Hydralisk x2  
  136  6:58  Hydralisk x2  
  136  6:59  Zergling x2  
  145  7:01  Drone x6  
  145  7:02  Queen  
  145  7:03  Drone  
  150  7:10  Infestation Pit, Muscular Augments  
  150  7:14  Zergling x14  
  145  7:23  Hydralisk x2  
  145  7:27  Hydralisk x4  
  138  7:32  Centrifugal Hooks, Zergling x6  
  138  7:33  Hatchery  
  140  7:41  Baneling x8  
  140  7:42  Zergling x2  
  140  7:43  Zergling x6  
  144  7:45  Overlord x2  
  144  7:56  Infestor x2  
  144  7:57  Zergling x8  
  152  8:03  Overlord x3  
  152  8:05  Hive  
  152  8:06  Zergling x10  
  156  8:18  Zergling x6  
  143  8:20  Zergling x16  
  143  8:21  Overseer  
  143  8:26  Hydralisk x5  
  156  8:28  Baneling x7  
  156  8:32  Zergling x4  
  158  8:36  Zergling x4  
  160  8:47  Zergling x10  
  160  8:50  Zerg Ground Armor Level 2, Zerg Melee Weapons Level 2  
  160  8:53  Zergling x2  
  160  8:56  Zergling x18  
  171  9:02  Zergling x12  
  171  9:03  Zergling x2  
  171  9:05  Zergling x2  
  171  9:09  Baneling  
  170  9:10  Baneling x7  
  170  9:13  Overlord, Extractor  
  170  9:16  Zergling x8  
  173  9:17  Hatchery  
  173  9:19  Viper  
  173  9:20  Overlord  
  173  9:21  Zergling x2  
  173  9:24  Zergling x2  
  177  9:25  Adrenal Glands  
  177  9:27  Zergling x18  
  186  9:34  Zergling x10  
  186  9:38  Baneling x14  
  191  9:41  Zergling x4  
  186  9:50  Zergling x14  
  183  9:58  Drone x10  
  182  10:07  Zergling x8  
  182  10:11  Overseer, Pneumatized Carapace  
  186  10:15  Zergling x12  
  186  10:17  Overseer x3  
  192  10:21  Zergling x4, Baneling  
  192  10:22  Baneling x4  
  192  10:23  Viper  
  192  10:38  Hatchery, Extractor  
  192  10:39  Zergling x24  
  192  10:41  Baneling x7  
  200  10:47  Overlord  
  200  10:50  Overseer  
  200  10:53  Unknown  
  199  11:01  Zergling x10  
  199  11:04  Baneling x9  
  199  11:07  Zergling x6  
  200  11:13  Zerg Ground Armor Level 3, Zerg Melee Weapons Level 3  
  200  11:19  Overseer  
  200  11:20  Baneling x8  
  193  11:29  Zergling x36  
  183  11:38  Hydralisk  
  172  11:40  Lurker Den  
  172  11:41  Zergling x8  
  172  11:45  Zergling x18  
  184  11:50  Baneling x7  
  181  11:56  Zergling x16  
  181  12:03  Zergling x6  
  181  12:06  Zergling x4  
  179  12:13  Hydralisk x9  
  192  12:18  Zergling x4  
  186  12:26  Hydralisk x5  
  186  12:30  Hydralisk x3  
  186  12:31  Hydralisk  
  172  12:38  Seismic Spines  
  172  12:40  Zergling x6  
  172  12:45  Zergling x4  
  172  12:47  Lurker  
  172  12:48  Lurker x8  
  182  12:53  Zergling x12  
  182  12:56  Infestor  
  182  12:58  Hatchery  
  189  13:01  Zergling x6  
  189  13:03  Zergling x2  
  189  13:04  Baneling x7  
  189  13:05  Baneling x2  
  193  13:09  Zergling x4  
  193  13:12  Zergling x8  
  199  13:18  Zergling x2  
  190  13:24  Zergling x12  
  190  13:26  Hydralisk x5  
  178  13:28  Queen  
  178  13:31  Zergling x2  
  178  13:33  Viper  
  184  13:37  Zergling x8  
  178  13:46  Adaptive Talons  
  178  13:47  Zergling x16  
  181  13:50  Zerg Missile Weapons Level 1  
  181  13:54  Zergling x6  
  183  13:57  Baneling x11  
  183  14:02  Hydralisk x4  
  177  14:06  Hydralisk  
  166  14:15  Hydralisk x7  
  169  14:24  Zergling x16  
  169  14:31  Zergling x14  
  179  14:35  Burrow  
  179  14:38  Infestor  
  179  14:42  Zergling x16  
  179  14:43  Lurker x4  
  193  14:50  Drone x6  
  193  14:52  Extractor x2  
  197  14:54  Overseer  
  196  15:02  Zergling x8, Nydus Network  
  196  15:06  Overseer x2  
  199  15:11  Lurker  
  199  15:16  Baneling x12  
  199  15:21  Hatchery  
  198  15:35  Zergling x14  
  199  15:37  Hatchery  
  199  15:42  Zergling x20  
  197  15:45  Nydus Canal  
  197  15:46  Zergling x18  
  197  15:47  Zergling x4  
  197  15:52  Zergling x6  
  198  16:01  Baneling x6  
  195  16:04  Nydus Canal  
  195  16:06  Overlord x5  
  195  16:08  Zerg Missile Weapons Level 2  
  195  16:10  Spire  
  191  16:20  Nydus Canal  
  184  16:25  Zergling x20  
  184  16:26  Zergling x12  
  184  16:30  Baneling x2  
  184  16:31  Baneling x12  
  200  16:44  Baneling x5  
  193  16:53  Zergling x30  
  186  16:55  Nydus Canal  
  171  17:03  Zergling x32  
  168  17:09  Zergling x12  
  168  17:12  Zergling x8  
  168  17:16  Drone x4  
  168  17:19  Baneling x6  
  168  17:20  Overseer x2  
  172  17:24  Nydus Canal  
  172  17:28  Zergling x12  
  178  17:34  Zergling x12  
  180  17:55  Hydralisk x7  
  180  17:57  Zerg Flyer Weapons Level 1  
  180  17:58  Nydus Canal  
  187  18:00  Zergling x16  
  192  18:07  Baneling x15  
  192  18:09  Drone x2  
  194  18:15  Hydralisk x4  
  194  18:16  Hydralisk x3  
  194  18:22  Nydus Canal  
  194  18:24  Zergling x14  
  194  18:25  Baneling x4  
  194  18:26  Baneling x17  
  195  18:37  Nydus Canal  
  195  18:41  Hydralisk x7  
  166  19:03  Zergling x30  
  169  19:11  Overlord  
  169  19:12  Overseer x2, Zergling x16  
  169  19:13  Lurker x7  
  169  19:16  Zergling x10  
  189  19:17  Infestor, Overseer  
  189  19:21  Overlord  
  189  19:22  Nydus Canal  
  189  19:25  Baneling  
  189  19:26  Baneling x15  
  188  19:35  Zergling x16  
  188  19:38  Zergling x16  
  189  19:41  Overlord  
  186  19:48  Zergling x4  
  188  19:59  Zergling x42  
  192  20:01  Drone x9  
  189  20:08  Zergling x6  
  192  20:16  Overlord  
  192  20:17  Baneling x7  
  192  20:18  Overlord  
  192  20:19  Overseer  
  192  20:28  Overseer  
  192  20:29  Baneling x4  
  192  20:33  Hatchery  
  191  20:39  Overseer  
  191  20:44  Baneling x14  
  191  20:45  Infestor x3  
  191  20:47  Zerg Flyer Armor Level 1  
  197  21:03  Overlord  
  195  21:12  Hatchery, Zergling x12  
  195  21:15  Baneling x18  
  195  21:16  Hatchery, Nydus Canal  
  199  21:26  Spire  
  194  21:34  Zergling x14  
  197  21:41  Zergling x8  
  195  21:47  Zergling x18  
  195  21:51  Zergling x18  
  182  22:04  Zergling x30  
  178  22:11  Zergling x12  
  178  22:15  Spore Crawler  
  177  22:18  Overseer x2  
  177  22:19  Nydus Canal  
  171  22:24  Lurker x2  
  171  22:25  Lurker x6, Hydralisk x10  
  171  22:26  Zergling x2  
  193  22:42  Drone x9  
  193  22:43  Drone  
  199  22:48  Overseer  
  191  22:59  Zergling x14  
  191  23:02  Spore Crawler  
  191  23:04  Drone x3  
  191  23:05  Drone x2  
  196  23:09  Drone x4  
Show
View Real Time Build Order
Export as new Build Order

Columbina Terran 

Build Orders: Reaper Expand, Hellion Banshee 

Get SALT Encoding   

  12  0:00  SCV  
  13  0:12  SCV  
  14  0:17  Supply Depot  
  14  0:24  SCV  
  15  0:39  SCV  
  15  0:40  Barracks  
  16  0:43  Refinery  
  16  0:51  SCV  
  17  1:03  SCV  
  18  1:15  SCV  
  19  1:27  Reaper  
  19  1:28  Orbital Command  
  20  1:39  Command Center  
  20  1:48  Supply Depot  
  20  1:54  SCV  
  21  1:59  Marine  
  22  2:10  SCV  
  22  2:11  Factory  
  23  2:22  SCV, Barracks Reactor  
  24  2:34  SCV  
  25  2:37  Command Center  
  25  2:46  SCV  
  25  2:50  Orbital Command  
  26  2:59  SCV  
  26  3:02  Refinery, Starport  
  27  3:09  Hellion x2  
  27  3:12  Barracks Tech Lab  
  31  3:15  SCV  
  31  3:17  SCV  
  33  3:27  SCV  
  33  3:29  SCV  
  33  3:31  Hellion x2  
  39  3:40  SCV  
  40  3:41  SCV  
  40  3:44  Banshee, Marine  
  45  3:50  Orbital Command  
  45  3:54  SCV x2  
  47  3:56  Hellion x2  
  47  4:02  Supply Depot  
  51  4:05  Barracks Tech Lab  
  51  4:06  SCV x2  
  53  4:17  SCV  
  53  4:19  SCV x2  
  53  4:21  Hellion x2  
  60  4:29  Raven, Stimpack  
  60  4:30  Supply Depot, SCV  
  60  4:31  SCV  
  64  4:32  SCV  
  65  4:41  Marine  
  65  4:42  SCV  
  65  4:44  Barracks  
  65  4:45  Barracks, SCV x2  
  69  4:51  Factory Reactor  
  69  4:52  Engineering Bay  
  69  4:53  Engineering Bay  
  69  4:57  Refinery x2  
  69  4:58  Orbital Command, Supply Depot  
  69  4:59  SCV x2  
  71  5:02  Marine  
  73  5:13  Starport Reactor, SCV x2  
  74  5:16  Barracks  
  74  5:19  Barracks  
  74  5:21  Terran Infantry Weapons Level 1, Terran Infantry Armor Level 1  
  74  5:23  Marine  
  74  5:24  SCV  
  74  5:25  SCV  
  77  5:32  Marine x2  
  79  5:36  SCV x2  
  79  5:37  SCV  
  79  5:38  Supply Depot  
  79  5:39  Supply Depot  
  79  5:40  Marine x2  
  79  5:42  Marine  
  85  6:00  Marine, Medivac x2, Siege Tank, SCV  
  85  6:01  SCV x2, Supply Depot x2  
  85  6:03  Marine x2  
  98  6:04  Barracks Reactor  
  98  6:06  Barracks Reactor  
  98  6:07  Marine x2  
  98  6:11  Combat Shield  
  100  6:13  SCV  
  101  6:22  Marine, SCV x2  
  101  6:23  Marine  
  101  6:24  Marine, Supply Depot x2  
  101  6:25  Marine  
  106  6:28  SCV  
  106  6:29  Marine  
  109  6:34  Siege Tank, SCV  
  109  6:38  SCV  
  114  6:40  SCV, Marine  
  114  6:44  Marine  
  114  6:45  Marine x6  
  114  6:46  SCV  
  124  6:50  Supply Depot  
  124  6:51  Marine, Medivac x2  
  124  6:53  Refinery  
  129  6:54  Factory  
  129  6:55  Supply Depot  
  129  6:58  Marine  
  129  6:59  SCV x2  
  129  7:00  SCV  
  133  7:02  Armory  
  133  7:07  Supply Depot  
  133  7:11  Marine, Siege Tank, Command Center  
  135  7:21  Marine x2, Refinery  
  135  7:22  Marine x2  
  133  7:24  Marine x3  
  133  7:25  Marine  
  133  7:28  Medivac x2  
  133  7:29  Marine  
  126  7:30  SCV x3  
  129  7:38  Marine  
  129  7:39  Marine x2  
  129  7:40  Supply Depot, Marine  
  129  7:41  Factory Tech Lab  
  129  7:42  Marine x2  
  135  7:46  Marine x2  
  135  7:47  Marine, Supply Depot, Siege Tank  
  141  7:52  Terran Infantry Weapons Level 2  
  141  7:55  Terran Infantry Armor Level 2  
  141  7:56  Marine x2  
  141  7:57  Marine  
  141  7:58  SCV x3  
  145  7:59  Marine x2  
  145  8:00  Marine  
  145  8:03  Siege Tank  
  145  8:04  Marine  
  152  8:06  Marine x2  
  154  8:19  Marine x6  
  142  8:24  Marine x3  
  142  8:25  Siege Tank  
  148  8:28  Terran Vehicle Weapons Level 1  
  148  8:36  Marine x2  
  148  8:37  Marine x4  
  148  8:41  Siege Tank, Medivac x2  
  149  8:50  Marine x3  
  149  8:51  Barracks  
  149  8:52  Barracks  
  149  8:54  Barracks, Marine x3  
  152  8:55  Marine x2  
  152  8:56  Marine  
  150  9:08  Marine  
  151  9:10  Siege Tank  
  151  9:12  Planetary Fortress  
  151  9:15  Marauder, Siege Tank  
  151  9:16  Marine x4, Supply Depot  
  163  9:19  Marine x2  
  163  9:20  Marine  
  166  9:28  Marine  
  166  9:30  SCV x3  
  170  9:33  Marine  
  170  9:35  Marine x3  
  170  9:36  Marauder  
  170  9:37  Sensor Tower  
  176  9:41  Barracks Tech Lab  
  176  9:42  Barracks Tech Lab x2  
  176  9:44  Liberator x2  
  185  9:45  Siege Tank  
  185  9:52  Marine x3  
  174  9:53  Marine x2  
  174  9:54  Siege Tank  
  174  9:56  Marine x2  
  183  10:01  Marine x2  
  183  10:02  Marauder x3  
  186  10:10  Terran Infantry Weapons Level 3  
  186  10:11  Refinery  
  186  10:12  Refinery  
  186  10:19  Siege Tank  
  174  10:24  Command Center  
  174  10:26  Marauder x4  
  174  10:27  Siege Tank  
  185  10:30  Medivac  
  187  10:41  Marine x2  
  187  10:42  Terran Infantry Armor Level 3  
  188  10:44  Marine x3  
  188  10:47  Marine x4  
  195  11:00  Marauder x3  
  195  11:03  Marine  
  196  11:05  Marine  
  196  11:07  Marauder  
  196  11:14  Supply Depot, Marine x2  
  196  11:15  Marine x2  
  200  11:24  Marine  
  200  11:25  Marine  
  200  11:26  Siege Tank  
  200  11:27  Siege Tank  
  200  11:30  Marine x2, Marauder x4  
  200  11:32  Marine x4  
  164  11:34  Medivac x2  
  163  11:43  Marine x2  
  165  11:47  Marine  
  165  11:48  Marine  
  165  11:52  Marine x5, Command Center  
  165  11:53  Marauder x2  
  176  11:58  Marauder  
  178  12:04  Siege Tank  
  178  12:05  Medivac x2, Marine  
  180  12:09  Marine x3  
  180  12:11  Marauder  
  180  12:15  Marine x2, Marauder x2  
  188  12:20  Marine  
  188  12:21  Marine x2  
  180  12:23  Marine  
  155  12:31  Marine x2  
  155  12:34  Marine  
  155  12:35  Marine, Marauder  
  155  12:36  SCV x2  
  155  12:37  SCV x2, Marauder  
  145  12:42  Planetary Fortress  
  142  12:45  Marine x5  
  142  12:46  Siege Tank  
  147  12:54  Siege Tank, Marauder  
  150  12:59  Marine x2  
  150  13:00  Medivac  
  150  13:01  Medivac  
  150  13:03  Marine, Marauder  
  155  13:05  Concussive Shells  
  155  13:08  Orbital Command  
  155  13:10  Marauder  
  155  13:12  Marine x2  
  159  13:13  Marine x2  
  159  13:19  Marine  
  162  13:20  Marine x2, Marauder x2  
  146  13:27  Marauder  
  146  13:29  Siege Tank  
  146  13:31  Siege Tank  
  146  13:32  Marauder  
  145  13:34  Marine x2  
  145  13:35  Marine x3  
  145  13:39  Medivac  
  145  13:40  Medivac  
  143  13:41  Marauder  
  143  13:44  Marine x2  
  143  13:46  Marauder  
  143  13:47  Marine  
  149  13:48  Marauder  
  149  13:52  Marine  
  149  13:53  Starport  
  149  13:54  Marauder  
  152  13:57  Marine x2, Ghost Academy  
  152  13:59  Marine x2  
  156  14:02  Marauder  
  156  14:08  Marauder  
  156  14:09  Marine x3  
  155  14:10  Marauder  
  155  14:15  Marauder  
  142  14:18  Siege Tank x2  
  142  14:20  Marine x2  
  142  14:21  Marine x2  
  154  14:24  Marauder  
  154  14:29  Medivac  
  154  14:36  Starport Reactor  
  160  14:38  Marauder x3, Sensor Tower, Marine  
  160  14:39  Marine  
  160  14:44  Marine x2  
  160  14:45  Marine x2  
  166  14:50  Siege Tank x2  
  166  14:52  Liberator  
  175  14:57  Ghost  
  175  14:58  Personal Cloaking  
  177  15:01  Terran Vehicle Weapons Level 2  
  177  15:09  Marauder x3, Liberator  
  184  15:18  Liberator x2  
  190  15:22  Missile Turret  
  190  15:24  Refinery  
  190  15:25  Siege Tank, Refinery  
  190  15:26  Marauder  
  195  15:30  Orbital Command  
  195  15:34  Ghost x2  
  195  15:35  Sensor Tower  
  185  15:56  Missile Turret, Liberator x2  
  187  15:57  Siege Tank  
  187  16:02  Marine x2  
  186  16:10  Marauder x2  
  185  16:14  Siege Tank  
  188  16:32  Refinery  
  188  16:38  Siege Tank  
  189  16:41  Marine x4  
  189  16:42  Ghost x2  
  189  16:44  Ghost  
  188  16:48  Marine x2  
  188  16:50  Marine x3  
  188  16:51  Siege Tank  
  166  16:59  Marine  
  156  17:02  Marine x3  
  156  17:05  Liberator x3  
  156  17:06  Marine  
  156  17:07  Marine  
  156  17:08  Marine x2, Marauder  
  152  17:11  Marine  
  148  17:20  Ghost x2  
  152  17:25  Siege Tank x2  
  158  17:36  Sensor Tower  
  158  17:39  Orbital Command  
  154  17:46  Marauder  
  155  17:54  Marine x3  
  155  17:57  Marine x4  
  155  17:58  Marine  
  162  18:25  Ghost  
  162  18:27  Marine x4  
  163  18:28  Marine  
  163  18:38  Marine  
  163  18:46  Siege Tank  
  163  18:52  Marine x3  
  147  19:24  Supply Depot  
  147  19:27  Supply Depot, Orbital Command  
  142  19:45  Marine, Liberator  
  149  19:48  Ghost, Marine x2, Marauder x2  
  157  19:53  Marine x4, Marauder, Siege Tank  
  157  19:54  Siege Tank  
  108  20:10  Marauder x2  
  112  20:15  Marauder  
  112  20:17  Marauder  
  112  20:18  Medivac  
  118  20:25  Marine x4  
  118  20:26  Marine x4, Widow Mine, Siege Tank  
  131  20:31  Marauder  
  131  20:33  Medivac  
  135  20:38  Medivac  
  135  20:40  Medivac  
  139  20:47  Widow Mine  
  141  20:50  Marauder x3  
  141  20:51  Marine  
  141  20:53  Marine  
  146  21:05  Siege Tank  
  149  21:15  Siege Tank  
  149  21:16  Marauder x2, Marine  
  149  21:18  Marine x2  
  152  21:31  Marauder x2, Marine  
  152  21:41  Siege Tank  
  146  21:50  Siege Tank  
  120  22:01  Marine x3  
  115  22:14  Liberator  
  115  22:18  Marine  
  116  22:25  Marine  
  117  22:30  Marine  
  118  22:44  Marauder  
  118  22:45  Marauder  
  118  22:59  Medivac x2  
Tags
 
Add a new tag
Caveats
  • Supply blocks, unpowered buildings, or Contaminate may cause inaccurate times.
  • Supply counts are checked every 10 seconds.